 Dungeon Crawl Stone Soup version 0.27-a0-1219-g958d993ae5 (webtiles) character file.

Game seed: 4661524538506917018

72 iamoutofideas the Magician (level 4, -1/32 HPs)
             Began as a Djinni Fire Elementalist on June 6, 2021.
             Slain by an orc wizard
             ... wielding a +0 dagger
              (3 damage)
             ... on level 2 of the Dungeon.
             The game lasted 00:04:23 (2849 turns).

iamoutofideas the Magician (DjFE)                   Turns: 2849, Time: 00:04:24

Health: -1/32      AC:  2    Str:  7    XL:     4   Next: 50%
Gold:   112        EV: 12    Int: 17    God:
                   SH:  0    Dex: 14

rFire    + + .     SeeInvis .   (no weapon)
rCold    x . .     Faith    .   (no shield)
rNeg     . . .     Spirit   .   a - +0 robe
rPois    ∞         Reflect  .   (no helmet)
rElec    .         Harm     .   (no cloak)
rCorr    .         Rampage  .   (no gloves)
Will     .....                  (boots unavailable)
Stlth    ++........             (no amulet)
HPRegen  0.10/turn              (no ring)
MPRegen  0.00/turn              (no ring)

@: mighty, flying
A: sickness immunity, fire resistance 2, cold vulnerability 1, float, innate
caster, hp casting, extra vitality 1
a: no special abilities


You were on level 2 of the Dungeon.
You visited 1 branch of the dungeon, and saw 3 of its levels.

You collected 112 gold pieces.

Inventory:

Armour
 a - a +0 robe (worn)
Scrolls
 b - a scroll of teleportation {unknown}
 d - a scroll of fear {unknown}
 f - a scroll of identify {unknown}


   Skills:
 * Level 1.0 Fighting
 + Level 2.6 Dodging
 - Level 1.5 Stealth
 + Level 3.5 Spellcasting


You couldn't memorise any spells.
You knew the following spells:

 Your Spells              Type           Power      Damage    Failure   Level
a - Foxfire               Conj/Fire      60%        2x1d7     3%          1
b - Conjure Flame         Conj/Fire      15%        6-21      12%         3
c - Inner Flame           Hex/Fire       15%        N/A       12%         3
d - Sticky Flame          Conj/Fire      15%        2d4       36%         4
e - Fireball              Conj/Fire      7%         3d5       71%         5
f - Sting                 Tmut/Pois      60%        1d6       3%          1
Your spell library was empty.

Dungeon Overview and Level Annotations

Branches:
Dungeon (3/15)

Altars:

Annotations:
D:3 Sigmund


Innate Abilities, Weirdness & Mutations

You are immune to sickness and miasma.
You are immune to poison.
Your flesh is very heat resistant. (rF++)
You are vulnerable to cold. (rC-)
You float through the air rather than walking.
You learn spells naturally, not from books.
Your magical power is your life essence.
You have superior vitality. (+4 HP)


Message History

There is a stone staircase leading down here.
Unknown command.
Something hits you.
* * * LOW HITPOINT WARNING * * *
Deactivating autopickup; reactivate with Ctrl-A.
Okay, then.
You hear some strange, mumbled words.
A puff of flame appears from out of thin air!
The puff of flame misses you.
It was a potion of flight.
You feel more buoyant. Something hits you but does no damage.
It was a potion of might.
You feel very mighty all of a sudden. Something hits you.
* * * LOW HITPOINT WARNING * * *
It was a potion of curing.
You feel better. Something hits you.
Casting: Sticky Flame (extremely dangerous; 36% risk of failure)
Confirm with . or Enter, or press ? or * to list all spells.
You conjure some foxfire!
You hear some strange, mumbled words.
A puff of flame appears from out of thin air!
The puff of flame hits you. You resist.
* * * LOW HITPOINT WARNING * * *
The foxfire hits something.
The foxfire hits something but does no damage.
Your magical contamination has completely faded away.
Casting: Foxfire (safe; 3% risk of failure)
Confirm with . or Enter, or press ? or * to list all spells.
You conjure some foxfire!
* * * LOW HITPOINT WARNING * * *
Something hits you.
* * * LOW HITPOINT WARNING * * *
The foxfire hits something. x2
Casting: Foxfire (safe; 3% risk of failure)
Confirm with . or Enter, or press ? or * to list all spells.
You conjure some foxfire!
* * * LOW HITPOINT WARNING * * *
Something hits you.
You die...

....≈#.≈.†......#.###............
.≈.≈..≈≈≈.........###....#....<..
.≈.≈..≈.≈≈....###................
.≈≈≈.≈≈≈..≈...(##..............(.
#≈≈.≈#≈.≈≈≈.#..............).....
#..≈≈.≈≈≈.≈##.#..................
#..#≈..#≈...........####.#.#.....
#.≈#.≈≈#.♣......vv...# #.#.......
##≈#≈..#........@..#.# #.#.......
#######...#######...###.#.......
##### ###...##.#.######
#.............# #....#.....####
#..>.#.....#≈# #..........#≈#
#....#.....#≈## #....#......≈.#


There were no monsters in sight!

Vanquished Creatures
  2 adders (D:2)
  A dart slug (D:2)
  3 orcs (D:3)
  4 ball pythons
  2 bats
  3 endoplasms
  A giant cockroach (D:1)
  3 goblins
  2 hobgoblins (D:2)
  8 jackals
  2 quokkas (D:1)
  4 frilled lizards
  5 kobolds
  6 rats
46 creatures vanquished.

Vanquished Creatures (others)
  118 foxfires
118 creatures vanquished.

Grand Total: 164 creatures vanquished

Notes
Turn   | Place    | Note
-------+----------+-------------------------------------------
     0 | D:1      | iamoutofideas the Djinni Fire Elementalist began the quest
                  | for the Orb.
     0 | D:1      | Reached XP level 1. HP: 15/15 MP: 0/0
   363 | D:1      | Found a faded altar of an unknown god.
   402 | D:1      | Reached XP level 2. HP: 15/21 MP: 0/0
   858 | D:1      | Reached skill level 3 in Spellcasting
  1212 | D:1      | Reached XP level 3. HP: 24/25 MP: 0/0
  1212 | D:1      | Learned a level 1 spell: Sting
  2140 | D:2      | Reached XP level 4. HP: 25/31 MP: 0/0
  2253 | D:2      | Reached skill level 1 in Fighting
  2822 | D:3      | Noticed Sigmund
  2849 | D:2      | Slain by an orc wizard

Illustrated notes

Levels and vault maps discovered:
D:1:      lordsloth_arrival_two_stooges, layout_loops_ring,
          hellmonk_ecumenical_altar_leap_of_faith
D:2:      layout_rooms, serial_rivers, chequers_serial_rivers_micro_b,
          chequers_serial_rivers_room_a, chequers_serial_rivers_marsh,
          chequers_serial_rivers_room_a, chequers_serial_rivers_small_a
D:3:      layout_rooms, yredelemnul_forgotten_temple_becter, uniq_sigmund

Skill      XL: |  1  2  3  4 |
---------------+-------------+-----
Spellcasting   | 3 |  3.5
Fighting       | 1 |  1.0
Dodging        | |  2.6
Stealth        | |  1.5

Action                   |  1- 3 |  4- 6 || total
-------------------------+-------+-------++-------
Melee: Unarmed           |     4 |       ||     4
 Cast: Foxfire           |    64 |    23 ||    87
       Sting             |       |     4 ||     4
  Use: Potion            |       |     3 ||     3
Armor: Robe              |    13 |     2 ||    15
Dodge: Dodged            |    56 |     7 ||    63

Table legend: (Time is in decaauts)
 A = Elapsed time spent in this place.
 B = Non-inter-level travel time spent in this place.
 C = Inter-level travel time spent in this place.
 D = Time resting spent in this place.
 E = Time spent auto-exploring this place.
 F = Levels seen in this place.
 G = Mean time per level.
                   A        B        C        D        E       F      G
               +--------+--------+--------+--------+--------+-----+--------+
         Total |   2848 |   2797 |     51 |    450 |   1965 |   3 |  949.3 |
       Dungeon |   2848 |   2797 |     51 |    450 |   1965 |   3 |  949.3 |
               +--------+--------+--------+--------+--------+-----+--------+

Top non-repeatable levels by time:
     D:1: 1892 daAuts
     D:2: 782 daAuts
     D:3: 174 daAuts
